 Dungeon Crawl Stone Soup version 0.31-a0-1591-g515db51633 (webtiles) character file.

Game seed: 8398906252397154839

199771 whatisthis the Warrior (level 18, -6/159 HPs)
             Began as a Human Monk on Jan 6, 2024.
             Was the Champion of Nemelex Xobeh.
             Killed from afar by a merfolk aquamancer (40 damage)
             ... with a torrent of water
             ... on level 2 of the Shoals.
             The game lasted 02:17:39 (42806 turns).

whatisthis the Warrior (Human Monk)                Turns: 42806, Time: 02:17:39

Health: -6/159     AC: 40    Str: 29    XL:     18   Next: 49%
Magic:  29/29      EV: 10    Int: 16    God:    Nemelex Xobeh [******]
Gold:   2177       SH:  5    Dex: 23    Spells: 17/17 levels left

rFire   . . .        g - +11 executioner's axe of Vaydajud {drain, Str+2}
rCold   . . .        (shield currently unavailable)
rNeg    . . .        K - +8 plate armour of the Spheres {Str+3 Int+3}
rPois   +            t - +1 hat {Will+}
rElec   +            a - +2 cloak {Will+}
rCorr   .            d - +1 pair of gloves
SInv    +            l - +2 pair of boots of Objectivity {Dex+2}
Will    +++..        Z - amulet "Suewk" {Reflect rElec rPois Str+4 SH+5 SInv} Stlth
                     i - +4 ring of protection
HPRegen 0.46/turn    U - ring of Jywnilie {rElec rPois Int+2 Dex+6 Stlth-}
MPRegen 0.21/turn

%: reflection
@: about to teleport, studying Armour
A: explore regen
}: 1/15 runes: serpentine
a: Renounce Religion, Draw Escape, Draw Destruction, Draw Summoning, Triple
Draw, Deal Four, Stack Five


You were on level 2 of the Shoals.
You worshipped Nemelex Xobeh.
Nemelex Xobeh was exalted by your worship.
You visited 5 branches of the dungeon, and saw 29 of its levels.
You also visited: Bailey and Gauntlet.

You collected 3366 gold pieces.
You spent 1189 gold pieces at shops.

Inventory:

Hand Weapons
 b - a +3 war axe of freezing
 g - the +11 executioner's axe of Vaydajud (weapon) {drain, Str+2}
   (You acquired it on level 13 of the Dungeon)

   Str+2:     It affects your strength (+2).
Missiles
 v - 23 boomerangs (quivered)
 y - a throwing net
 G - 10 javelins
 M - a curare-tipped dart
Armour
 a - a +2 cloak of willpower (worn)
 d - a +1 pair of gloves (worn)
 l - the +2 pair of boots of Objectivity (worn) {Dex+2}
   (You acquired it on level 1 of the Snake Pit)

   Dex+2:     It affects your dexterity (+2).
 t - a +1 hat of willpower (worn)
 u - a +0 kite shield
 H - the +1 cloak "Oxohil" {rF+ rC+ Int+3}
   (You found it in a Gauntlet)

   Int+3:     It affects your intelligence (+3).
   rF+:       It protects you from fire.
   rC+:       It protects you from cold.
 K - the +8 plate armour of the Spheres (worn) {Str+3 Int+3}
   (You found it on level 10 of the Dungeon)

   Str+3:     It affects your strength (+3).
   Int+3:     It affects your intelligence (+3).
Jewellery
 i - a +4 ring of protection (left hand)
 O - an amulet of the acrobat
 Q - a ring of protection from fire
 S - a ring of resist corrosion
 U - the ring of Jywnilie (right hand) {rElec rPois Int+2 Dex+6 Stlth-}
   (You acquired it on level 4 of the Lair of Beasts)

   [ring of dexterity]

   Int+2:     It affects your intelligence (+2).
   Dex+6:     It affects your dexterity (+6).
   rElec:     It insulates you from electricity.
   rPois:     It protects you from poison Stlth-: It makes you less stealthy.
 W - a ring of see invisible
 Z - the amulet "Suewk" (around neck) {Reflect rElec rPois Str+4 SH+5 SInv}
   (You bought it in a shop on level 2 of the Orcish Mines)

   [amulet of reflection]

   Reflect:   It reflects blocked missile attacks.
   Str+4:     It affects your strength (+4).
   rElec:     It insulates you from electricity.
   rPois:     It protects you from poison SInv: It lets you see invisible.
   SH+5:      It affects your SH (+5).
Wands
 p - a wand of quicksilver (28)
 B - a wand of charming (8)
 L - a wand of digging (4)
 V - a wand of mindburst (18)
 X - a wand of roots (13)
 Y - a wand of flame (22)
Scrolls
 j - 6 scrolls of enchant weapon
 n - 6 scrolls of fog
 o - 5 scrolls of revelation
 s - 7 scrolls of immolation
 x - 4 scrolls of silence
 z - 5 scrolls of fear
 A - 10 scrolls of teleportation
 C - 7 scrolls of identify
 D - 2 scrolls of brand weapon
 E - 5 scrolls of poison
 T - 4 scrolls of vulnerability
Potions
 c - 2 potions of ambrosia
 e - 4 potions of lignification
 f - 2 potions of mutation
 h - 2 potions of berserk rage
 k - 8 potions of might
 m - 5 potions of attraction
 q - 3 potions of brilliance
 r - 3 potions of enlightenment
 w - 3 potions of cancellation
 F - 2 potions of haste
 I - a potion of invisibility
 J - 14 potions of curing
 R - a potion of heal wounds
Miscellaneous
 P - a lightning rod (4/4)


   Skills:
 + Level 18.9 Fighting
 - Level 18.5 Axes
 + Level 3.4 Throwing
 + Level 16.6 Armour
 - Level 3.0 Dodging
 - Level 15.0 Invocations


You had 17 spell levels left.
You didn't know any spells.
Your spell library contained the following spells:

 Spells                   Type           Power      Damage    Failure   Level
 Apportation              Tloc           0%         N/A       78%         1
 Magic Dart               Conj           0%         1d3       78%         1
 Necrotise                Necr           0%         1d4       78%         1
 Slow                     Hex            0%         N/A       78%         1
 Sting                    Conj/Alch      0%         1d3       78%         1
 Summon Small Mammal      Summ           0%         N/A       78%         1
 Blink                    Tloc           0%         N/A       89%         2
 Call Imp                 Summ           0%         N/A       89%         2
 Cigotuvi's Dreadful Rot  Necr/Alch/Air  0%         N/A       89%         2
 Jinxbite                 Hex            0%         N/A       89%         2
 Lesser Beckoning         Tloc           0%         N/A       89%         2
 Mercury Vapours          Alch/Air       0%         N/A       89%         2
 Momentum Strike          Conj/Tloc      0%         3d8       89%         2
 Searing Ray              Conj           0%         2d4       89%         2
 Sublimation of Blood     Necr           0%         N/A       89%         2
 Confusing Touch          Hex            0%         N/A       98%         3
 Dazzling Flash           Conj/Hex       0%         N/A       98%         3
 Fugue of the Fallen      Necr           0%         N/A       98%         3
 Gell's Gravitas          Tloc           0%         N/A       98%         3
 Mephitic Cloud           Conj/Alch/Air  0%         N/A       98%         3
 Ozocubu's Armour         Ice            0%         N/A       98%         3
 Sigil of Binding         Hex            0%         N/A       98%         3
 Teleport Other           Tloc           0%         N/A       98%         3
 Tukima's Dance           Hex            0%         N/A       98%         3
 Vampiric Draining        Necr           0%         2d6       98%         3
 Airstrike                Air            0%         2d(0-16)  100%        4
 Animate Dead             Necr           0%         N/A       100%        4
 Dimensional Bullseye     Hex/Tloc       0%         N/A       100%        4
 Dispel Undead            Necr           0%         3d6       100%        4
 Fulminant Prism          Conj/Alch      0%         3d5       100%        4
 Ignite Poison            Fire/Alch      0%         N/A       100%        4
 Iskenderun's Mystic Bla  Conj/Tloc      0%         2d3       100%        4
 Leda's Liquefaction      Alch/Erth      0%         N/A       100%        4
 Manifold Assault         Tloc           0%         N/A       100%        4
 Passage of Golubria      Tloc           0%         N/A       100%        4
 Summon Blazeheart Golem  Fire/Summ      0%         N/A       100%        4
 Alistair's Intoxication  Alch           0%         N/A       100%        5
 Curse of Agony           Necr           0%         N/A       100%        5
 Freezing Cloud           Conj/Ice/Air   0%         6-21      100%        5
 Iskenderun's Battlesphe  Conj           0%         2d6       100%        5
 Lee's Rapid Deconstruct  Erth           0%         3d4*      100%        5
 Metabolic Englaciation   Hex/Ice        0%         N/A       100%        5
 Silence                  Hex/Air        0%         N/A       100%        5
 Bombard                  Conj/Erth      0%         9d1       100%        6
 Death Channel            Necr           0%         N/A       100%        6
 Sculpt Simulacrum        Ice/Alch       0%         N/A       100%        6
 Orb of Destruction       Conj           0%         9d5       100%        7
 Spellforged Servitor     Conj/Summ      0%         N/A       100%        7
 Summon Hydra             Summ           0%         N/A       100%        7
 Lehudib's Crystal Spear  Conj/Erth      0%         10d2      100%        8
 Chain Lightning          Conj/Air       0%         N/A       100%        9


Dungeon Overview and Level Annotations

Branches:
Dungeon (15/15)            Temple (0/1) D:6            Lair (5/5) D:8
 Shoals (3/4) Lair:2        Snake (4/4) Lair:3        Slime (0/5) Lair:4
    Orc (2/2) D:11            Elf (0/3) Orc:2        Vaults (0/5) D:14
 Depths (0/4) D:15         Bailey (visited)         Gauntlet (visited)

Altars:
Ashenzari
Elyvilon
Fedhas
Gozag
Nemelex Xobeh
Sif Muna
Wu Jian
The Shining One
Jiyva

Shops:
D:14 *   Orc:2 [[[!=   Snake:4 *

Annotations:
D:2 1 runed translucent door, Crazy Yiuf
D:3 3 runed translucent doors, Curundu's ghost, amateur MiBe
D:10 1 runed translucent door, exclusion: door
Snake:4 3 runed translucent doors, exclusion: obsidian statue, xnavy's ghost, adept SpCA


Innate Abilities, Weirdness & Mutations

You regain HP and MP as you explore.


Message History

The merfolk aquamancer hits you but does no damage. x2
A mysterious force pulls you upwards. The hatch slams shut behind you.
You draw a card...
You have drawn Wild Magic.
The merfolk aquamancer is briefly tinged with black!!
The merfolk aquamancer is drained!
The merfolk aquamancer is briefly tinged with black!
The merfolk aquamancer is drained!
The sea snake is blasted with sand.
You feel a surge of magic. The sea snake bites you.
* * * LOW HITPOINT WARNING * * *
The merfolk aquamancer hits you but does no damage. x2
The merfolk aquamancer points at you and mumbles some strange words.
The torrent of water hits you!
* * * LOW HITPOINT WARNING * * *
You are knocked back by the torrent of water.
You slam into the rock wall!
The wave splashes down.
Splash!
You fall into the shallow water.
Moving in this stuff is going to be slow.
Okay, then.
Okay, then.
Blink to where?
Press: ? - help, Dir - move target
As you read the scroll of blinking, it crumbles to dust.
The sea snake enters a dispersal trap!
The merfolk aquamancer blinks! x4
You blink.
The sea snake blinks!
As you read the scroll of teleportation, it crumbles to dust.
You feel strangely unstable.
The merfolk aquamancer casts a spell.
The merfolk aquamancer blinks!
The merfolk aquamancer casts a spell at you.
The ball of steam hits you!!
* * * LOW HITPOINT WARNING * * *
Okay, then.
Okay, then.
You feel much better.
The sea snake is engulfed in a cloud of scalding steam.
The merfolk aquamancer points at you and mumbles some strange words.
The torrent of water hits you!!!
You die...
Your body glows with a rainbow of weird colours and disappears.

~~~~~~~~~~.###.....##..~~~~~~≈
.~~~~~~~~~.# #.....##..~~~~~~≈
.~~~~~~≈~~)###...~....~~~~~~~≈
.~~~~≈≈≈~~~~~..~~~...~~~~~≈≈≈≈
~~~~~≈≈≈≈~~~~~~..~~..~~~~~~≈≈≈
~~~≈≈≈≈~~~~~~§...~....~~~~~≈≈≈
~~~≈≈≈~~~m§m~§~.~....~~~~~~~≈≈
~~≈≈≈~~~~~~§§§~~.....)~~~~~≈≈≈
~≈≈≈≈~~..)~~~§§.@.m..~~~~≈≈≈≈≈
≈≈≈≈≈~~##)<..§§S#.[~~~~~≈≈≈≈≈≈
≈≈≈≈≈≈~.##..§§§§##..~~~≈≈≈≈≈≈≈≈
≈≈≈≈≈≈~~~..#)~~....~~~~~≈≈≈≈≈≈≈≈
≈≈≈≈≈≈~~~~##.)~.....~~~~≈≈≈≈≈≈≈≈≈
≈≈≈≈≈≈≈~~~~>~~[.....~.~~~≈≈≈≈≈≈≈≈
≈≈≈≈≈≈≈≈~)~~[~.§.###..~~~~~~~≈≈≈≈
≈≈≈≈≈≈≈≈≈~~~~~.~.# #..~~~~~~~≈≈≈≈
≈≈≈≈~~~~..~~~~.###..>..~~~~≈≈≈≈


You could see a sea snake and 2 merfolk aquamancers.

Vanquished Creatures
  Nikola (Shoals:2)
  Polyphemus (Shoals:2)
  Kirke (D:12)
  Gastronok (D:11)
  Agnes (D:14)
  9 nagarajas
  An orc warlord (Orc:2)
  A minotaur (Gauntlet)
  Snorg (D:13)
  3 merfolk impalers
  A merfolk javelineer (Shoals:1)
  An entropy weaver (Shoals:2)
  2 rakshasas
  6 vault guards
  3 catoblepae
  5 hydras
  A salamander tyrant (Snake:3)
  An alligator snapping turtle (Shoals:3)
  12 anacondas
  A boulder beetle (D:13)
  9 naga warriors
  A two-headed ogre (D:11)
  12 death yaks
  4 centaur warriors
  An orc high priest (Orc:1)
  9 naga sharpshooters
  3 shock serpents
  4 salamander mystics
  5 sea snakes
  3 skysharks
  5 naga ritualists
  An orb spider (Snake:1)
  10 mana vipers
  Lodul (D:10)
  Pikel (D:6)
  13 harpies
  3 lindwurms (Lair:5)
  3 orc knights (Orc:2)
  A necromancer (D:15)
  6 ugly things
  3 deep elf pyromancers (D:15)
  A wolf spider (Lair:5)
  9 manticores
  7 fauns
  8 cyclopes
  2 orc sorcerers
  14 salamanders
  A guardian serpent (Snake:2)
  3 kobold blastminers (Orc:2)
  6 merfolk sirens
  Joseph (D:7)
  Maurice (D:10)
  18 elephants
  18 naga magi
  An apocalypse crab (Gauntlet)
  2 centaur zombies (D:15)
  3 torpor snails
  11 cane toads
  Maggie (D:7)
  7 water nymphs
  35 black mambas
  A gargoyle (D:12)
  Jeremiah (D:6)
  An unseen horror (D:10)
  6 rime drakes
  9 komodo dragons
  A kobold demonologist (D:11)
  2 ice devils (D:13)
  2 tengu conjurers
  A freezing wraith (D:15)
  5 trolls
  2 wind drakes (Shoals:1)
  8 merfolk
  A polar bear (Lair:5)
  4 hornets
  Grinder (D:3)
  8 blink frogs
  4 water elementals
  A centaur simulacrum (D:13)
  4 hogs
  3 wyverns
  81 yaks
  8 basilisks
  A steam dragon (D:9)
  4 wargs
  5 vampire mosquitoes
  51 nagas
  10 water moccasins
  37 orc warriors
  An ice beast (D:13)
  A laughing skull (Gauntlet)
  2 sky beasts
  11 ogres
  5 boggarts (D:15)
  8 wolves
  11 centaurs
  2 lemures (D:6)
  2 phantoms
  3 kobold brigands
  A weeping skull (Gauntlet)
  10 bullfrogs
  3 gnoll sergeants
  A scorpion (D:5)
  5 wights (D:9)
  6 killer bees (D:10)
  An electric eel (D:13)
  8 howler monkeys
  A hound (D:7)
  21 orc priests
  5 bombardier beetles
  A gnoll bouda (D:6)
  A jelly (D:8)
  3 sleepcaps
  3 iguanas
  20 orc wizards
  24 gnolls
  9 adders
  6 white imps
  An ufetubus (D:13)
  4 ribbon worms
  2 dart slugs
  133 orcs
  6 ball pythons
  5 endoplasms
  3 giant cockroaches
  11 goblins
  5 hobgoblins
  4 jackals (D:2)
  17 kobolds
  8 quokkas
  5 bats
  2 frilled lizards (D:1)
  4 rats
  A butterfly (Lair:4)
948 creatures vanquished.

Vanquished Creatures (collateral kills)
  Mara (Snake:3)
  Donald (Shoals:1)
  Ilsuiw (Shoals:2)
  2 vault guards (D:14)
  A merfolk avatar (Shoals:2)
  A naga warrior (Snake:2)
  4 naga sharpshooters
  A salamander mystic (Snake:2)
  A mana viper (Snake:3)
  A sea snake (Shoals:2)
  3 harpies (Shoals:1)
  A salamander (Snake:2)
  2 merfolk sirens (Shoals:2)
  A centaur skeleton (D:15)
  A centaur (Orc:2)
  4 orcs (Orc:2)
26 creatures vanquished.

Vanquished Creatures (others)
  4 tentacles (Shoals:2)
4 creatures vanquished.

Grand Total: 978 creatures vanquished

Notes
Turn   | Place    | Note
-------+----------+-------------------------------------------
     0 | D:1      | whatisthis the Human Monk began the quest for the Orb.
     0 | D:1      | Reached XP level 1. HP: 18/18 MP: 1/1
   156 | D:1      | Found a faded altar of an unknown god.
   165 | D:1      | Reached XP level 2. HP: 15/24 MP: 2/2
   595 | D:1      | Reached XP level 3. HP: 28/29 MP: 3/3
  1601 | D:2      | Reached XP level 4. HP: 37/37 MP: 4/4
  2241 | D:2      | Found a runed translucent door.
  2242 | D:2      | Noticed Crazy Yiuf
  2632 | D:3      | Found a runed translucent gate.
  2632 | D:3      | Found a runed translucent gate.
  2633 | D:3      | Found a runed translucent gate.
  2634 | D:3      | Noticed Curundu's ghost (amateur MiBe)
  2908 | D:3      | Found a sparkling altar of Nemelex Xobeh.
  2908 | D:3      | Found a broken altar of Ashenzari.
  2912 | D:3      | Became a worshipper of Nemelex Xobeh the Trickster
  2912 | D:3      | Reached * piety under Nemelex Xobeh
  2912 | D:3      | Received a gift from Nemelex Xobeh
  2912 | D:3      | Reached ** piety under Nemelex Xobeh
  2960 | D:3      | Noticed Grinder
  2963 | D:3      | Killed Grinder
  2964 | D:3      | Reached skill level 5 in Fighting
  2964 | D:3      | Reached skill level 5 in Axes
  2964 | D:3      | Reached XP level 5. HP: 44/44 MP: 4/6
  2964 | D:3      | Reached XP level 6. HP: 51/51 MP: 4/7
  3348 | D:4      | Found a white marble altar of Elyvilon.
  3802 | D:5      | Entered Level 5 of the Dungeon
  4050 | D:5      | Reached XP level 7. HP: 53/56 MP: 9/9
  4860 | D:5      | Received a gift from Nemelex Xobeh
  5049 | D:5      | Reached *** piety under Nemelex Xobeh
  5382 | D:5      | Reached XP level 8. HP: 64/64 MP: 11/11
  5658 | D:6      | Found a staircase to the Ecumenical Temple.
  5727 | D:6      | Reached skill level 5 in Invocations
  5990 | D:6      | Found an ornate altar of the Wu Jian Council.
  6079 | D:6      | Noticed Jeremiah
  6102 | D:6      | Noticed Pikel
  6107 | D:6      | Killed Jeremiah
  6299 | D:6      | Killed Pikel
  6300 | D:6      | Reached XP level 9. HP: 73/73 MP: 13/13
  7064 | D:7      | Noticed Joseph
  7326 | D:7      | Received a gift from Nemelex Xobeh
  7331 | D:7      | Noticed Maggie
  7336 | D:7      | Killed Maggie
  7402 | D:7      | Reached XP level 10. HP: 72/82 MP: 14/16
  7684 | D:7      | Reached **** piety under Nemelex Xobeh
  7843 | D:7      | Killed Joseph
  8298 | D:8      | Found a staircase to the Lair.
  8839 | D:8      | Found a glowing golden altar of the Shining One.
  9450 | D:9      | Found a flagged portal.
  9459 | Bailey   | Entered a bailey
  9789 | Bailey   | Identified the +2 tower shield "Miumas" {Str+3 SInv}
  9901 | D:9      | Reached skill level 10 in Fighting
  9914 | D:9      | Reached skill level 10 in Axes
 10334 | D:9      | Found a shimmering blue altar of Sif Muna.
 10953 | D:9      | Reached XP level 11. HP: 26/85 MP: 18/18
 11205 | D:10     | Entered Level 10 of the Dungeon
 11289 | D:10     | Reached skill level 10 in Invocations
 11438 | D:10     | Received a gift from Nemelex Xobeh
 11477 | D:10     | Found a blossoming altar of Fedhas.
 11507 | D:10     | Reached skill level 1 in Armour
 11569 | D:10     | Reached ***** piety under Nemelex Xobeh
 11787 | D:10     | Noticed Maurice
 11790 | D:10     | Killed Maurice
 12297 | D:10     | Received a gift from Nemelex Xobeh
 12336 | D:10     | Identified the +8 plate armour of the Spheres {Str+3 Int+3}
 12420 | D:10     | Noticed Lodul
 12907 | D:10     | Killed Lodul
 12997 | D:10     | Found a runed translucent door.
 12997 | D:10     | Noticed a five-headed hydra
 13029 | D:10     | Killed a five-headed hydra
 13277 | D:10     | Noticed a boulder beetle
 13641 | D:11     | Found a staircase to the Orcish Mines.
 13661 | D:11     | Received a gift from Nemelex Xobeh
 13967 | D:11     | Noticed Gastronok
 13974 | D:11     | Reached XP level 12. HP: 84/100 MP: 17/20
 13978 | D:11     | Killed Gastronok
 14299 | D:11     | Noticed a two-headed ogre
 14308 | D:11     | Killed a two-headed ogre
 14309 | D:11     | Reached skill level 5 in Armour
 14355 | D:12     | Noticed a centaur warrior
 14705 | D:12     | Killed a centaur warrior
 14978 | D:12     | Received a gift from Nemelex Xobeh
 15667 | Lair:1   | Entered Level 1 of the Lair of Beasts
 15701 | Lair:1   | Found a gate leading to a gauntlet.
 15812 | Gauntlet | Entered a Gauntlet
 15812 | Gauntlet | Found a transporter.
 15812 | Gauntlet | Found a transporter.
 15816 | Gauntlet | Found a transporter.
 15816 | Gauntlet | Found a transporter.
 15825 | Gauntlet | Found a transporter.
 15844 | Gauntlet | Found a transporter.
 15845 | Gauntlet | Noticed a quicksilver ooze
 15854 | Gauntlet | Found a transporter.
 15854 | Gauntlet | Found a transporter.
 15858 | Gauntlet | Found a transporter.
 15885 | Gauntlet | Found a transporter.
 15892 | Gauntlet | Found a transporter.
 15910 | Gauntlet | Found the amulet of Vitality {RegenMP++ Regen++}
 15932 | Gauntlet | Found a transporter.
 15947 | Gauntlet | Found a transporter.
 15963 | Gauntlet | Found a transporter.
 16064 | Gauntlet | Found a transporter.
 16080 | Gauntlet | Found a transporter.
 16092 | Gauntlet | Received a gift from Nemelex Xobeh
 16359 | Gauntlet | Identified the +1 cloak "Oxohil" {rF+ rC+ Int+3}
 16645 | Gauntlet | Identified the +3 chain mail "Luitar" {-Cast Rampage Regen+
                  | rCorr Dex+2}
 16645 | Gauntlet | Noticed a minotaur
 16650 | Gauntlet | Killed a minotaur
 16880 | Lair:1   | Identified the +4 ring mail "Cedoggof" {rCorr Int+5}
 17033 | Lair:1   | Reached XP level 13. HP: 107/109 MP: 22/22
 17377 | Lair:1   | Received a gift from Nemelex Xobeh
 17875 | Lair:2   | Found a staircase to the Shoals.
 18337 | Lair:2   | Received a gift from Nemelex Xobeh
 19320 | Lair:3   | Received a gift from Nemelex Xobeh
 19414 | Lair:3   | Found a staircase to the Snake Pit.
 19865 | Lair:4   | Received a gift from Nemelex Xobeh
 20230 | Lair:4   | Found a viscous altar of Jiyva.
 20231 | Lair:4   | Found a staircase to the Slime Pits.
 20354 | Lair:4   | Reached ****** piety under Nemelex Xobeh
 20982 | Lair:4   | Received a gift from Nemelex Xobeh
 21066 | Lair:4   | Reached XP level 14. HP: 83/118 MP: 24/24
 22177 | Lair:5   | Entered Level 5 of the Lair of Beasts
 22203 | Lair:5   | Received a gift from Nemelex Xobeh
 22711 | Lair:5   | Identified a scroll of acquirement
 22730 | Lair:4   | Acquired the ring of Jywnilie {rElec rPois Int+2 Dex+6
                  | Stlth-}
 23703 | Lair:5   | Reached skill level 10 in Armour
 24048 | Lair:5   | Received a gift from Nemelex Xobeh
 24931 | D:12     | Reached XP level 15. HP: 98/127 MP: 26/26
 25284 | D:13     | Noticed Erolcha
 25287 | D:13     | Erolcha changed into Erolcha the howler monkey
 25287 | D:13     | Noticed Erolcha
 25291 | D:13     | Killed Erolcha the howler monkey
 25607 | D:13     | Received a gift from Nemelex Xobeh
 25622 | D:13     | Acquired the +11 executioner's axe of Vaydajud {drain,
                  | Str+2}
 25763 | D:13     | Noticed Snorg
 25864 | D:13     | Noticed Kirke
 25888 | D:12     | Killed Kirke
 25889 | D:12     | Reached skill level 15 in Invocations
 26321 | D:13     | Killed Snorg
 26859 | D:14     | Found Zaidext's Assorted Antiques.
 26875 | D:14     | Bought a scroll of identify for 74 gold pieces
 26875 | D:14     | Bought a scroll of identify for 74 gold pieces
 26910 | D:14     | Found a gate to the Vaults.
 27229 | D:14     | Received a gift from Nemelex Xobeh
 27297 | D:14     | Reached skill level 15 in Fighting
 27297 | D:14     | Reached skill level 15 in Axes
 27618 | D:14     | Noticed Agnes
 27623 | D:14     | Killed Agnes
 27812 | D:14     | Found an opulent altar of Gozag.
 28168 | D:15     | Entered Level 15 of the Dungeon
 28337 | D:15     | Received a gift from Nemelex Xobeh
 29166 | D:15     | Found a staircase to the Depths.
 29333 | D:15     | Received a gift from Nemelex Xobeh
 29642 | Snake:1  | Entered Level 1 of the Snake Pit
 29656 | Snake:1  | Identified the serpent talisman of Alesoisy {rN+ Str+3
                  | Int+3}
 29656 | Snake:1  | Noticed Aizul
 29660 | Snake:1  | Aizul changed into Aizul the orb spider
 29660 | Snake:1  | Noticed Aizul
 29662 | Snake:1  | Killed Aizul the orb spider
 30404 | Snake:1  | Received a gift from Nemelex Xobeh
 30644 | Snake:1  | Reached XP level 16. HP: 133/138 MP: 27/27
 31013 | Snake:1  | Got Kikubaaqudgha's Parchment of Open Graves
 31017 | Snake:1  | Noticed Mlioglotl
 31018 | Snake:1  | Mlioglotl changed into Mlioglotl the rakshasa
 31018 | Snake:1  | Noticed Mlioglotl
 31020 | Snake:1  | Killed Mlioglotl the rakshasa
 31946 | Snake:1  | Acquired the +2 pair of boots of Objectivity {Dex+2}
 31977 | Snake:2  | Received a gift from Nemelex Xobeh
 32698 | Snake:2  | Noticed a nagaraja
 32726 | Snake:2  | Killed a nagaraja
 33381 | Snake:3  | Noticed Mara
 33388 | Snake:3  | Noticed whatisthis's illusion
 34254 | Snake:3  | Identified the +0 long sword of Zacvastri {heavy, +Blink
                  | rPois}
 34259 | Snake:3  | Killed Mara
 34803 | Snake:3  | Reached XP level 17. HP: 125/147 MP: 28/28
 35292 | Snake:3  | Acquired a manual of Armour
 35380 | Snake:4  | Entered Level 4 of the Snake Pit
 35605 | Snake:4  | Found a runed translucent gate.
 35605 | Snake:4  | Found a runed translucent gate.
 35605 | Snake:4  | Found an opulent altar of Gozag.
 35606 | Snake:4  | Found a runed translucent gate.
 35608 | Snake:4  | Noticed xnavy's ghost (adept SpCA)
 35609 | Snake:4  | Found Arepnoj's Assorted Antiques.
 35920 | Snake:4  | Received a gift from Nemelex Xobeh
 37855 | Snake:4  | Identified the +5 executioner's axe of Dissolution {venom,
                  | rF+ Int+2}
 38512 | Snake:4  | Got a serpentine rune of Zot
 38760 | Orc:1    | Entered Level 1 of the Orcish Mines
 38852 | Orc:1    | Received a gift from Nemelex Xobeh
 39066 | Orc:2    | Entered Level 2 of the Orcish Mines
 39414 | Orc:2    | Found a staircase to the Elven Halls.
 39501 | Orc:2    | Received a gift from Nemelex Xobeh
 39579 | Orc:2    | Found Jiraez's Armour Shop.
 39872 | Orc:2    | Found Soesm's Distillery.
 39872 | Orc:2    | Found Ezxior's Armour Emporium.
 39874 | Orc:2    | Found Pamae's Antique Armour Shoppe.
 39876 | Orc:2    | Found Ninycin's Jewellery Boutique.
 40175 | Orc:2    | Bought a potion of heal wounds for 65 gold pieces
 40175 | Orc:2    | Bought a potion of curing for 39 gold pieces
 40175 | Orc:2    | Bought a potion of curing for 39 gold pieces
 40175 | Orc:2    | Bought a potion of curing for 39 gold pieces
 40175 | Orc:2    | Bought a potion of curing for 39 gold pieces
 40175 | Orc:2    | Bought a potion of curing for 39 gold pieces
 40175 | Orc:2    | Bought a potion of might for 52 gold pieces
 40177 | Orc:2    | Bought the amulet "Suewk" {Reflect rElec rPois Str+4 SH+5
                  | SInv} for 729 gold pieces
 40370 | Shoals:1 | Entered Level 1 of the Shoals
 40451 | Shoals:1 | Reached skill level 15 in Armour
 40468 | Shoals:1 | You fall into a shaft and drop 1 floor!
 40692 | Shoals:2 | Received a gift from Nemelex Xobeh
 40709 | Shoals:2 | Noticed Ilsuiw
 40727 | Shoals:2 | Killed Ilsuiw
 40824 | Shoals:2 | Reached XP level 18. HP: 157/158 MP: 29/29
 41020 | Shoals:2 | Noticed Nikola
 41039 | Shoals:2 | Killed Nikola
 41183 | Shoals:2 | Got the Verses on the Autopsy and Fumes
 41450 | Shoals:1 | Received a gift from Nemelex Xobeh
 41708 | Shoals:1 | Reached skill level 1 in Throwing
 41743 | Shoals:1 | Received a gift from Nemelex Xobeh
 41903 | Shoals:1 | Noticed Donald
 41907 | Shoals:1 | Killed Donald
 42269 | Shoals:2 | Noticed Polyphemus
 42289 | Shoals:2 | Killed Polyphemus
 42469 | Shoals:3 | Identified the +0 scale mail of a volcano {rN++}
 42688 | Shoals:3 | Received a gift from Nemelex Xobeh
 42804 | Shoals:2 | HP: 2/159 [something/ball of steam (22)]
 42806 | Shoals:2 | Killed from afar by a merfolk aquamancer

Illustrated notes

Levels and vault maps discovered:
D:1:      zaba_arrival_water, layout_basic,
          hellmonk_ecumenical_altar_crossroads, minmay_pentomino_u4
D:2:      layout_basic, chequers_mini_garden, hangedman_decor_peaks_small,
          kennysheep_generic_room_11, uniq_crazy_yiuf_cottage
D:3:      layout_loops_corners, gammafunk_temple_overflow_wave,
          gammafunk_ghost_necromancy, uniq_grinder
D:4:      layout_rooms, elyvilon_altar_3
D:5:      layout_loops_corners, gup_sewer_entry_bubbles,
          hangedman_abyss_or_decor_stabs
D:6:      layout_basic, marbit_many_paths, minmay_temple_entry_mist,
          palyth_stone_intersect, small_statue_intersection,
          hangedman_decor_opposing, chequers_jeans, minmay_misc_feat_diagonals,
          uniq_jeremiah, uniq_pikel
D:7:      layout_layer_cave, chequers_serial_rivers_micro_b, uniq_joseph,
          uniq_maggie
D:8:      layout_cave_pools, lemuel_coloured_pillars_altar, lair_entry_dummy
D:9:      layout_roguey [special_room_orc], general_overflow_altar,
          serial_rivers, chequers_serial_rivers_micro_e,
          chequers_serial_rivers_small_3, chequers_serial_rivers_micro_d,
          chequers_serial_rivers_micro_c, enter_bailey_3,
          hangedman_abyss_or_decor_lesser_grid
D:10:     layout_stronghold, mainiacjoe_overflow_paths, minivault_13,
          uniq_maurice, uniq_lodul
D:11:     layout_basic, hiddenorc2_lemuel, uniq_gastronok
D:12:     layout_basic
D:13:     layout_rooms, serial_ice, serial_ice_k, serial_ice_e, serial_ice_g,
          serial_ice_o, serial_ice_b, portal_ice_cave_demonic_guard,
          minmay_misc_feat_alley, uniq_kirke, uniq_erolcha, uniq_snorg
D:14:     layout_roguey, erik_vaults_2, serial_shops,
          nicolae_shop_overgrown_old_shop, grunt_gozag_breadcrumbs, uniq_agnes
D:15:     grunt_enter_depths_magical_seal, layout_loops_ring,
          chequers_arboretum, roderic_lattice_a
Lair:1:   layout_roguey, gauntlet_entry_generic
Lair:2:   layout_roguey, nicolae_shoals_entry_roost, minivault_19,
          grunt_megastairs_3
Lair:3:   layout_long_grid, guppyfry_snake_entry_garden
Lair:4:   layout_small_grid, dpeg_slime_entry_enclosed,
          chequers_serial_rivers_small_a, minivault_24,
          grunt_forest_small_clearings, chequers_serial_rivers_room_b,
          lemuel_fruit_fields
Lair:5:   hangedman_lair_in_review, layout_gridlike, infiniplex_staircase_pool_2
Shoals:1: layout_shoals, uniq_donald
Shoals:2: cheibrodos_shoals_oceanic_diplomacy, layout_shoals, uniq_nikola,
          uniq_ilsuiw, uniq_polyphemus
Shoals:3: layout_shoals, nicolae_shoals_water_shrine
Snake:1:  layout_chambers, nicolae_letterblocks [nicolae_letter_subblock,
          nicolae_letter_subblock, nicolae_letter_subblock,
          nicolae_letter_subblock, nicolae_letter_subblock,
          nicolae_letter_subblock, nicolae_letter_subblock,
          nicolae_letter_subblock, nicolae_letter_subblock,
          nicolae_letter_subblock, nicolae_letter_subblock,
          nicolae_letter_subblock, nicolae_letter_subblock,
          nicolae_letter_subblock, nicolae_letter_subblock,
          nicolae_letter_subblock, nicolae_letter_subblock,
          nicolae_letter_subblock, nicolae_letter_subblock,
          nicolae_letter_subblock, nicolae_letter_subblock,
          nicolae_letter_subblock, nicolae_letter_subblock,
          nicolae_letter_subblock, nicolae_letter_subblock], grunt_megastairs_2,
          uniq_aizul, uniq_mlioglotl
Snake:2:  layout_misc_corridors
Snake:3:  nicolae_snake_hallway, layout_rooms, uniq_mara
Snake:4:  minmay_snake_end_coiled, layout_misc_corridors, ebering_ghost_gozag
Orc:1:    layout_caves
Orc:2:    st_orc_rangers, layout_caves, serial_shops, nicolae_shop_mannequins

Skill      XL: |  1  2  3  4  5  6  7  8  9 10 11 12 13 14 15 16 17 18 |
---------------+-------------------------------------------------------+-----
Fighting       | 4 5 6 7 8 10 11 12 13 14 16 17 18 | 18.9
Axes           | 4 5 6 7 8 10 11 12 13 14 16 17 18 | 18.5
Invocations    | 2 3 4 6 8 9 11 12 13 14 15 | 15.0
Armour         | 4 6 8 10 12 15 16 | 16.6
Throwing       | 3 |  3.4
Dodging        | |  3.0

Action                     |  1- 3 |  4- 6 |  7- 9 | 10-12 | 13-15 | 16-18 || total
---------------------------+-------+-------+-------+-------+-------+-------++-------
  Melee: Hand axe          |   117 |   159 |   253 |   491 |   336 |       ||  1356
         Dagger            |       |       |    57 |       |       |       ||    57
         War axe           |       |       |       |   281 |   576 |       ||   857
         Morningstar       |       |       |       |       |    11 |       ||    11
         Executioner's axe |       |       |       |       |   202 |   886 ||  1088
  Throw: Dart              |       |     6 |     8 |    57 |    53 |       ||   124
         Javelin           |       |       |       |     4 |    29 |       ||    33
         Boomerang         |       |       |       |       |    28 |   170 ||   198
 Invoke: Draw Destruction  |       |       |     5 |    20 |    26 |    16 ||    67
         Draw Escape       |       |       |       |     3 |       |     1 ||     4
         Draw Summoning    |       |       |       |     3 |     5 |    12 ||    20
         Deal Four         |       |       |       |     1 |       |     2 ||     3
  Evoke: Wand              |       |     3 |     3 |       |     2 |     3 ||    11
         Lightning rod     |       |       |       |       |     3 |       ||     3
    Use: Scroll            |       |       |       |    16 |    17 |     6 ||    39
         Potion            |       |       |       |       |       |     2 ||     2
   Stab: Distracted        |       |       |       |     1 |       |     3 ||     4
 Armour: Robe              |    41 |       |       |       |       |       ||    41
         Ring mail         |    13 |    43 |       |       |       |       ||    56
         Scale mail        |       |    38 |   174 |       |       |       ||   212
         Swamp dragon scal |       |       |       |   256 |       |       ||   256
         Plate armour      |       |       |       |   423 |  1139 |  1045 ||  2607
  Dodge: Dodged            |    71 |    71 |   115 |   304 |   487 |   587 ||  1635
  Block: Other             |       |       |       |       |       |    72 ||    72
         Reflection        |       |       |       |       |       |     2 ||     2

Table legend: (Time is in decaauts)
 A = Elapsed time spent in this place.
 B = Non-inter-level travel time spent in this place.
 C = Inter-level travel time spent in this place.
 D = Time resting spent in this place.
 E = Time spent auto-exploring this place.
 F = Levels seen in this place.
 G = Mean time per level.
                   A        B        C        D        E       F      G
               +--------+--------+--------+--------+--------+-----+--------+
         Total |  42814 |  40333 |   2481 |  13245 |  14506 |  31 | 1381.1 |
       Dungeon |  20294 |  18811 |   1483 |   4832 |   9093 |  15 | 1352.9 |
          Lair |   8359 |   7926 |    433 |   3177 |   2517 |   5 | 1671.8 |
        Shoals |   2572 |   2516 |     56 |    703 |    262 |   3 |  857.3 |
     Snake Pit |   8772 |   8378 |    394 |   3934 |   1706 |   4 | 2193.0 |
  Orcish Mines |   1501 |   1387 |    114 |    225 |    573 |   2 |  750.5 |
        Bailey |    375 |    375 |      0 |     54 |      0 |   1 |  375.0 |
      Gauntlet |    939 |    939 |      0 |    319 |    354 |   1 |  939.0 |
               +--------+--------+--------+--------+--------+-----+--------+

Top non-repeatable levels by time:
 Snake:4: 2474 daAuts
 Snake:3: 2394 daAuts
  Lair:5: 2345 daAuts
  Lair:4: 2074 daAuts
 Snake:1: 2040 daAuts
     D:9: 2018 daAuts
     D:5: 1973 daAuts
    D:10: 1881 daAuts
 Snake:2: 1862 daAuts
    D:12: 1792 daAuts
  Lair:3: 1755 daAuts
     D:7: 1489 daAuts
    D:13: 1465 daAuts
    D:15: 1326 daAuts
     D:1: 1296 daAuts
